 Dungeon Crawl Stone Soup version bcrawl-1.38.3 (webtiles) character file.

Game seed: 11279410225636168237

164327 Mrkan the Skirmisher (level 5, 0/85 HPs)
             Began as an Ogre Fighter on May 31, 2023.
             Was an Initiate of Okawaru.
             Slain by an orc (3 damage)
             ... on level 3 of the Dungeon.
             The game lasted 00:03:40 (1994 turns).

Mrkan the Skirmisher (Ogre Fighter)                 Turns: 1994, Time: 00:03:40

Health: 0/85       AC: 22    Str: 20    XL:     5   Next: 32%
Magic:  5/5        EV:  1    Int: 10    God:    Okawaru [......]
Gold:   120        SH:  7    Dex:  8    Spells: 4/4 levels left

rFire    . . .     GDR:     46% a - +0 flail
rCold    . . .     SeeInvis .   c - +0 medium shield
rNeg     + + +     Gourm    .   (armour currently unavailable)
rPois    +         Faith    .   (helmet currently unavailable)
rElec    .         Spirit   .   (cloak currently unavailable)
rCorr    .         Reflect  .   (gloves unavailable)
MR       .....     NoTele   +   (boots unavailable)
Stlth    +.........             (no amulet)
HPRegen  0.24/turn              (no ring)
MPRegen  0.09/turn              (no ring)

@: tree-form
A: giant, unfitting armour
a: Renounce Religion


You were on level 3 of the Dungeon.
You worshipped Okawaru.
Okawaru was noncommittal.
You were hungry.
You were a tree.
You visited 1 branch of the dungeon, and saw 3 of its levels.

You collected 120 gold pieces.

Inventory:

Hand Weapons
 a - a +0 flail (weapon)
Armour
 b - a +0 robe (melded)
 c - a +0 medium shield (worn)
Jewellery
 j - a +2 ring of dexterity {unknown}
Scrolls
 f - 3 scrolls of enchant weapon {unknown}
 g - 3 scrolls of teleportation {unknown}
 i - a scroll of identify
 k - a scroll of fog {unknown}
 l - a scroll of enchant armour {unknown}
Potions
 d - 2 potions of might
Comestibles
 e - 8 rations {!d}


   Skills:
 + Level 5.4 Fighting
 * Level 5.4 Maces & Flails
 - Level 2.6 Dodging
 - Level 2.8 Shields


You had 4 spell levels left.
You didn't know any spells.
Your spell library was empty.

Dungeon Overview and Level Annotations

Branches:
Dungeon (3/12)

Altars:
Okawaru


Innate Abilities, Weirdness & Mutations

You are too large for most types of armour.
((You have tough skin. (AC +1)))


Message History

The orc hits you.
* * * LOW HITPOINT WARNING * * *
You closely miss the orc. The orc hits you.
* * * LOW HITPOINT WARNING * * *
The orc hits you.
* * * LOW HITPOINT WARNING * * *
Items here: )) [[ †††† It was a potion of lignification.
You turn into a tree.
Your +0 robe melds into your body.
Your roots penetrate the ground.
You cannot move.
It was a potion of flight.
Your roots keep you in place.
The orc hits you but does no damage.
The orc priest hits you with a cursed -2 flail.
* * * LOW HITPOINT WARNING * * *
It was a potion of magic.
Magic courses through your body. The orc hits you but does no damage.
You block the orc priest's attack.
You sock the orc priest!
The orc priest is almost dead.
The orc hits you.
You die...

.#..# ... .....####.###
..# #......#[#
#.##.#.....#..#
########.##.###(....####
........................
.............÷>.......
#..####.###÷........
#)♣o##............#
###o.##.........#.#
......#.%.........#...
......#####.......##..
..$... #....#...##.
...... ...##...#....
...... #.####.....##.
..)... #? ##..#....
........


You could see an orc priest and an orc.

Vanquished Creatures
  A hound (D:2)
  An orc wizard (D:2)
  2 adders (D:3)
  3 worms
  3 dart slugs
  3 leopard geckos
  3 orcs (D:3)
  5 giant cockroaches
  6 goblins
  6 hobgoblins
  2 quokkas
  A ball python (D:1)
  5 bats
  2 frilled lizards
  4 kobolds
  8 rats
55 creatures vanquished.

Notes
Turn   | Place    | Note
-------+----------+-------------------------------------------
     0 | D:1      | Mrkan the Ogre Fighter began the quest for the Orb.
     0 | D:1      | Reached XP level 1. HP: 24/24 MP: 1/1
    57 | D:1      | Reached XP level 2. HP: 32/32 MP: 2/2
   369 | D:1      | Reached XP level 3. HP: 30/40 MP: 3/3
  1101 | D:2      | Reached XP level 4. HP: 5/49 MP: 4/4
  1236 | D:2      | Reached skill level 5 in Fighting
  1305 | D:2      | Found an iron altar of Okawaru.
  1387 | D:2      | Became a worshipper of Warmaster Okawaru
  1522 | D:2      | Reached skill level 5 in Maces & Flails
  1688 | D:2      | Reached XP level 5. HP: 47/57 MP: 5/5
  1990 | D:3      | HP: 2/57 [orc (2)]
  1994 | D:3      | Slain by an orc

Skill      XL: |  1  2  3  4 |
---------------+-------------+-----
Maces & Flails | 3 4 5 |  5.4
Fighting       | 5 |  5.4
Dodging        | |  2.6
Shields        | |  2.8

Action                   |  1- 3 |  4- 6 || total
-------------------------+-------+-------++-------
Melee: Flail             |   136 |    87 ||   223
  Use: Potion            |       |     3 ||     3
  Eat: Chunk             |     4 |     6 ||    10
Armor: Robe              |    44 |    15 ||    59
       Skin              |       |     2 ||     2
Dodge: Dodged            |    25 |    27 ||    52
Block: Medium shield     |    57 |    48 ||   105
